[Event "Late-Titled-Tuesday-Blitz-March-05-2024"]
[Site "Chess.com"]
[Date "2024.03.05"]
[Round "8"]
[White "Akhayan"]
[Black "jinxy2009"]
[Result "0-1"]
[WhiteElo "2370"]
[BlackElo "2204"]
[TimeControl "180+1"]
[EndTime "15:25:33 PST"]
[Termination "jinxy2009 won on time"]

1. e4 c5 2. Nf3 Nc6 3. Nc3 e5 4. Bc4 Be7 5. d3 Nf6 6. Ng5 O-O 7. f4 exf4 8. Bxf4 d5 9. Nxd5 Nxd5 10.
Nxf7 Kxf7 11. exd5 b5 12. dxc6+ bxc4 13. O-O Kg8 14. c7 Qd4+ 15. Kh1 Bb7 16. Bg3 Rxf1+ 17. Qxf1 Rf8 18. Qe2 Bf6 19. dxc4 Qxb2 20. Rf1 Qd4 21. Rb1 Qe4 22. Qxe4 Bxe4 23. Rb8 Bf5 24. Kg1 Bd4+ 25.
Kh1 Bc8 26. h3 Rf1+ 27. Kh2 Bg1+ 28. Kh1 Bd4+ 29. Kh2 Bg1+ 30. Kh1 Be3+ 31. Kh2 Rf8 32. c3 Kf7 33. Bd6 Re8 34. Kg3 Ke6 35. Bf4 Bxf4+ 36. Kxf4 Kd7 37. Rb5 Kc6 38. Rxc5+ Kxc5 0-1

[Event "Late-Titled-Tuesday-Blitz-March-05-2024"]
[Site "Chess.com"]
[Date "2024.03.05"]
[Round "8"]
[White "K_A_S_T_O_R"]
[Black "XDPS"]
[Result "1-0"]
[WhiteElo "2844"]
[BlackElo "2898"]
[TimeControl "180+1"]
[EndTime "15:25:34 PST"]
[Termination "K_A_S_T_O_R won on time"]

1. e4 c5 2. Nf3 e6 3. d4 cxd4 4.
Nxd4 Nf6 5. Nc3 d6 6. Be3 a6 7. g4 h6 8. h4 Nfd7 9. Qd2 b5 10. a3 Bb7 11. O-O-O Nc6 12. f3 Nce5 13. Be2 Rc8 14.
g5 hxg5 15. hxg5 Rxh1 16. Rxh1 Nb6 17. Rh8 Nbc4 18. Bxc4 Nxc4 19. Qd3 Nxe3 20. Qxe3 Qe7 21. f4 g6 22. Nf3 Qc7 23. Qd4 Qe7 24. Nh2 Kd7 25.
Rh7 Rc7 26. Ng4 Kc8 27. Nf6 Kb8 28. Rh8 Rc8 29. Rg8 Qc7 30. b4 Be7 31. Rxc8+ Qxc8 32. Kb2 Qc7 33. e5 dxe5 34. Nd7+ Kc8 35. Nxe5 Bd6 36. Nxf7 Bxf4 37. Qf6 e5 38. Qxg6 Kb8 39. Qf6 Qc4 40.
Nxe5 Qf1 41. Nd3 1-0

[Event "Late-Titled-Tuesday-Blitz-March-05-2024"]
[Site "Chess.com"]
[Date "2024.03.05"]
[Round "8"]
[White "Antipov_Mikhail_Al"]
[Black "manitodeplomo"]
[Result "1-0"]
[WhiteElo "2938"]
[BlackElo "2721"]
[TimeControl "180+1"]
[EndTime "15:25:34 PST"]
[Termination "Antipov_Mikhail_Al won by resignation"]

1. e4 e6 2. d4 d5 3. Nd2 c5 4. Ngf3 cxd4 5. exd5 Qxd5 6. Bc4 Qd8 7. O-O Nc6 8. Nb3 Nf6 9. Nbxd4 Nxd4 10. Qxd4 Qxd4 11.
Nxd4 Bc5 12. Nb3 Bd6 13. Rd1 Ke7 14. Re1 Bd7 15. Nd4 g6 16. b3 Rhc8 17. Bg5 Rc5 18. h4 b5 19. Bd3 Rac8 20. Rad1 a6 21. g3 Re5 22. Be2 Bb4 23. Rf1 Bc3 24. Bf3 Rec5 25. Rd3 e5 26. Ne2 Bf5 27. Re3 Ke6 28. Rd1 Bxc2 29.
Nf4+ Kf5 30. Rd6 e4 31. Bg2 Be5 32. Rxa6 Ng4 33. f3 exf3 34. Rxf3 Be4 35. Rf1 Bxg2 36. Nxg2+ Ke4 37. Rxf7 Bxg3 38. Re6+ Re5 39. Rxe5+ Bxe5 40.
Rxh7 Rc2 41. Rf7 Bd4+ 42. Kh1 Rxa2 43. Rf4+ Kd3 44. Rxg4 Be5 45. Ne1+ Ke2 46. Rg2+ Kf1 47. Rxa2 1-0

[Event "Late-Titled-Tuesday-Blitz-March-05-2024"]
[Site "Chess.com"]
[Date "2024.03.05"]
[Round "8"]
[White "KuzubovYuriy"]
[Black "Zadar321"]
[Result "1-0"]
[WhiteElo "2925"]
[BlackElo "2540"]
[TimeControl "180+1"]
[EndTime "15:25:34 PST"]
[Termination "KuzubovYuriy won on time"]

1. d4 Nf6 2. c4 Nc6 3. Nf3 e6 4. g3 Bb4+ 5. Bd2 Qe7 6. Nc3 Bxc3 7. Bxc3 Ne4 8. Rc1 O-O 9. Bg2 d6 10. d5 Nxc3 11. Rxc3 Nd8 12. dxe6 Nxe6 13. O-O a5 14. Ra3 Bd7 15. Qd2 b6 16. Nh4 Rae8 17. Nf5 Qf6 18. Ne3 Nc5 19. Nd5 Qd8 20. Rd1 Bc6 21. e3 Qd7 22.
Qc1 f5 23. Rc3 g5 24. b3 h6 25. a3 Ne4 26. Rc2 h5 27. Qb2 Bxd5 28. cxd5 Qh7 29.
Rdc1 Re7 30. Rc4 h4 31. Qc2 hxg3 32. hxg3 Rff7 33. g4 b5 34. Rd4 Rg7 35. gxf5 Nf6 36. Qe2 g4 37. Kf1 g3 38. f3 Qxf5 39. Rf4 Qe5 40.
b4 Nxd5 41. Re4 Qf6 42. Rxe7 Nxe7 43. Rxc7 Nf5 44. Rc8+ Kh7 45. Qd3 1-0

[Event "Late-Titled-Tuesday-Blitz-March-05-2024"]
[Site "Chess.com"]
[Date "2024.03.05"]
[Round "8"]
[White "Teidi96"]
[Black "annacramling"]
[Result "0-1"]
[WhiteElo "2300"]
[BlackElo "2096"]
[TimeControl "180+1"]
[EndTime "15:25:35 PST"]
[Termination "annacramling won by resignation"]

1. e4 c5 2. c3 Nf6 3. e5 Nd5 4. d4 cxd4 5. cxd4 e6 6. Nf3 d6 7. Bc4 Nc6 8. O-O Be7 9. Qe2 O-O 10. Nc3 Nxc3 11. bxc3 dxe5 12. dxe5 Qc7 13. Bd3 Rd8 14. Qe4 g6 15. Bh6 b6 16. Rfd1 Bb7 17. Qf4 Rd7 18.
Bb5 Rad8 19. Rxd7 Rxd7 20. Ng5 Bxg5 21. Qxg5 Qd8 22. Qxd8+ Rxd8 23. Bxc6 Bxc6 24. Bg5 Rd3 25. Bf6 Rxc3 26. Rd1 Bd5 27. h4 h6 28. a3 b5 29. Rb1 a6 30. Ra1 Kh7 31. Kf1 Rc4 32. g3 Rc2 33. Ke1 Bc4 34. a4 Re2+ 35. Kd1 Rxf2 36. axb5 Rf1+ 37. Kc2 Rxa1 38. b6 Ra5 39. b7 Rb5 40. Kc3 Bd5 41. b8=Q Rxb8 0-1

[Event "Late-Titled-Tuesday-Blitz-March-05-2024"]
[Site "Chess.com"]
[Date "2024.03.05"]
[Round "8"]
[White "1g60-1"]
[Black "Penafiel-Josselyne02"]
[Result "1-0"]
[WhiteElo "2290"]
[BlackElo "2057"]
[TimeControl "180+1"]
[EndTime "15:25:35 PST"]
[Termination "1g60-1 won on time"]

1. e4 c5 2. Nf3 d6 3. d4 cxd4 4. Nxd4 Nf6 5. Nc3 Nc6 6. Bg5 Bd7 7. Qd2 Nxd4 8. Qxd4 Qa5 9. Bd2 Qc5 10. Qxc5 dxc5 11.
e5 Ng4 12. f4 e6 13. h3 Nh6 14. Nb5 Rc8 15. Nxa7 Rd8 16. Nb5 Bc6 17. O-O-O Be7 18. Nc7+ Kf8 19. Rg1 Nf5 20. Nb5 f6 21. g4 Nh4 22.
Be2 Nf3 23. Bxf3 Bxf3 24. Rde1 Bd5 25. Nc7 Bc4 26. b3 Rd7 27. Ba5 Bd5 28. c4 Bc6 29.
Nxe6+ Kf7 30. f5 fxe5 31. Bc3 Ra8 32. Kb2 e4 33. a4 g6 34. Nf4 Bg5 35. fxg6+ hxg6 36. Rgf1 Kg8 37. Ne6 Bd2 38. Rd1 Bxc3+ 39. Kxc3 Re7 40.
Nxc5 e3 41. Rfe1 e2 42. Rd2 Rae8 43. Nd3 Re3 44. Kb2 Kg7 45. a5 Bf3 46. Nf4 1-0

[Event "Late-Titled-Tuesday-Blitz-March-05-2024"]
[Site "Chess.com"]
[Date "2024.03.05"]
[Round "8"]
[White "MathiasWomacka"]
[Black "LikeWater"]
[Result "1-0"]
[WhiteElo "2553"]
[BlackElo "2674"]
[TimeControl "180+1"]
[EndTime "15:25:36 PST"]
[Termination "MathiasWomacka won on time"]

1. e4 c6 2. d4 d5 3. Nd2 g6 4. h3 Bg7 5. Ngf3 Nh6 6. Be2 f6 7. O-O Nf7 8. c4 e6 9. b3 O-O 10. Ba3 Re8 11. Re1 dxe4 12. Nxe4 f5 13. Nc3 Nd7 14. Rc1 e5 15. dxe5 Ndxe5 16. Nxe5 Bxe5 17. Qxd8 Rxd8 18. Bf3 Be6 19. Na4 Rd2 20. Nc5 Rxa2 21.
Nxe6 Rxa3 22. b4 Re8 23. Nc5 Re7 24. b5 b6 25. Na6 c5 26. Nb8 Kf8 27. Nc6 Re8 28. Bd5 Bd4 29. Rxe8+ Kxe8 30. Re1+ Kf8 31. Re7 Ra1+ 32. Kh2 Ng5 33. h4 Bf6 34. Rb7 Ne4 35.
Rf7+ Ke8 36. Rxh7 Nxf2 37. Be6 Ng4+ 38. Kg3 Ra3+ 39. Kf4 Nf2 40. Rb7 Nd3+ 41. Ke3 1-0

[Event "Late-Titled-Tuesday-Blitz-March-05-2024"]
[Site "Chess.com"]
[Date "2024.03.05"]
[Round "8"]
[White "GilbertoHernandezAmura"]
[Black "GAO"]
[Result "0-1"]
[WhiteElo "2456"]
[BlackElo "2319"]
[TimeControl "180+1"]
[EndTime "15:25:38 PST"]
[Termination "GAO won by resignation"]

1. d4 Nf6 2. Nc3 d5 3. Bf4 a6 4. e3 Bf5 5. f3 e6 6. g4 Bg6 7.
h4 h6 8. h5 Bh7 9. Bd3 Bxd3 10.
Qxd3 c5 11. Nge2 Nc6 12. a3 Bd6 13. O-O-O b5 14. dxc5 Bxc5 15. g5 hxg5 16. Bxg5 Ne5 17. Qd2 Nxf3 18. Qd3 Nxg5 19. Rhg1 Nge4 20. Nxe4 Nxe4 21.
Rxg7 Qf6 22. Rdg1 Bf8 23. R7g2 O-O-O 24. a4 Nc5 25. Qd2 Nxa4 26. Nd4 Kb7 27. Rf2 Qe7 28.
Qa5 Bh6 29. Rg3 Rhg8 30. Rgf3 Rg1+ 31. Kd2 Rg7 32. b3 Nc5 33. Kc1 Rc8 34. Kb2 Qc7 35. Qb4 Qe7 36. Qa5 Rc7 37. Rf1 Qd6 38. Ra1 Qb6 39.
Qb4 Rg2 40. Rd1 Bg7 41. Rd2 Rxd2 42. Qxd2 e5 43. Nf5 e4+ 44. Nxg7 exf3 45. Qd4 f2 46. Qf4 Ne4 47. Nf5 Qf6+ 48. Kb1 Nc3+ 49. Ka1 Ne2+ 50. Kb1 Nxf4 0-1

[Event "Late-Titled-Tuesday-Blitz-March-05-2024"]
[Site "Chess.com"]
[Date "2024.03.05"]
[Round "8"]
[White "ChessSwole"]
[Black "Pelusiansky"]
[Result "1-0"]
[WhiteElo "2730"]
[BlackElo "2572"]
[TimeControl "180+1"]
[EndTime "15:25:39 PST"]
[Termination "ChessSwole won on time"]

1. d4 d5 2. c4 e6 3. Nf3 a6 4.
Bg5 Be7 5. Bxe7 Nxe7 6. Nbd2 O-O 7. e3 Nd7 8. Rc1 b6 9. cxd5 exd5 10. Qc2 c5 11. dxc5 bxc5 12. Be2 Qb6 13. O-O Rb8 14. b3 Bb7 15. e4 h6 16. exd5 Nxd5 17.
Rfd1 Nb4 18. Qf5 Nf6 19. Nc4 Qc7 20. Nd6 Bxf3 21. Bxf3 Nxa2 22. Rxc5 Qe7 23. Re5 Qc7 24. Ra1 Nb4 25. Nc4 Rfd8 26. g3 Nd3 27. Re3 Nc5 28.
Ne5 Rxb3 29. Rxb3 Nxb3 30. Rxa6 Nd2 31. Be2 Re8 32. f4 Qc1+ 33. Kg2 Nde4 34. Ra2 Qe3 35. Bf3 Qb3 36. Re2 Nc3 37. Rf2 Qb8 38. Nc6 Qc7 39.
Qd3 Na4 40. Ne5 Nc5 41. Qc4 1-0

[Event "Late-Titled-Tuesday-Blitz-March-05-2024"]
[Site "Chess.com"]
[Date "2024.03.05"]
[Round "8"]
[White "JoakimVonAnd"]
[Black "kagg1125"]
[Result "1-0"]
[WhiteElo "2712"]
[BlackElo "2536"]
[TimeControl "180+1"]
[EndTime "15:25:39 PST"]
[Termination "JoakimVonAnd won by resignation"]

1. d4 Nf6 2. Nf3 g6 3. Bf4 Bg7 4. e3 O-O 5. Be2 c5 6. c3 d6 7.
O-O Qb6 8. Qb3 Be6 9. Qxb6 axb6 10.
a3 Nh5 11. Bg5 f6 12. Bh4 g5 13. Nfd2 gxh4 14. Bxh5 f5 15. Bf3 Ra7 16. h3 Nd7 17.
Be2 f4 18. Bc4 d5 19. Bd3 fxe3 20. fxe3 Raa8 21. Rxf8+ Rxf8 22. Nf3 Bh6 23. Kf2 Bf7 24. Nbd2 Bh5 25. Re1 e5 26. Bb5 cxd4 27. cxd4 Nf6 28.
dxe5 Ne4+ 29. Kg1 Nxd2 30. Nxd2 d4 31. Nf1 dxe3 32. Nxe3 Bf4 33. e6 Bg3 34. Rf1 Rxf1+ 35. Kxf1 Bd6 36. Nf5 Bc5 37. e7 Bxe7 38. Nxe7+ Kf7 39.
Nd5 Ke6 40. Nxb6 Kd6 41. Be2 Bg6 42. Nc4+ Kd5 43. Na5 b6 44. Nc4 b5 45. Na5 Kd4 46. Bxb5 h5 47. Be2 Ke3 48. Nc4+ Kf4 49. b4 Kg3 50. b5 Kh2 51. b6 Be4 52. Ne3 Kh1 53. a4 Kh2 54. a5 Kg3 55. a6 Kf4 56. b7 Kxe3 57. b8=Q Bb7 1-0

[Event "Late-Titled-Tuesday-Blitz-March-05-2024"]
[Site "Chess.com"]
[Date "2024.03.05"]
[Round "8"]
[White "the_blue_pill"]
[Black "Ajedrez_con_German"]
[Result "1-0"]
[WhiteElo "2441"]
[BlackElo "2566"]
[TimeControl "180+1"]
[EndTime "15:25:39 PST"]
[Termination "the_blue_pill won on time"]

1. e4 g6 2. d4 Bg7 3. Nf3 c6 4. c3 d5 5. e5 Bg4 6. Nbd2 e6 7. h3 Bxf3 8. Nxf3 Qb6 9. Bd3 c5 10. a3 Nc6 11. b4 cxd4 12. cxd4 Nge7 13. O-O O-O 14.
Bc2 Rac8 15. Be3 a5 16. Rb1 axb4 17. axb4 Ra8 18. b5 Na5 19. Bg5 Rfe8 20. Bd3 Nc4 21. Qe2 Ra4 22. Rfc1 Nf5 23. Bxc4 dxc4 24. Rxc4 Rxc4 25.
Qxc4 h6 26. Be3 Rd8 27. Qc5 Qa5 28. Rc1 Bf8 29. Qc7 Qa8 30. b6 Ne7 31. Qc3 Nd5 32. Qb3 Qa6 33. Nd2 Nxb6 34. Rb1 Nd5 35. Qxb7 Qd3 36. Qb3 Qe2 37. Ne4 Be7 38. Qd1 Qc4 39. Rc1 Qa2 40. Qf3 Qb2 41. Rd1 h5 42. Bg5 Bxg5 43.
Nxg5 Qc2 44. Qxf7+ 1-0

[Event "Late-Titled-Tuesday-Blitz-March-05-2024"]
[Site "Chess.com"]
[Date "2024.03.05"]
[Round "8"]
[White "kids2010"]
[Black "Hamisandwich"]
[Result "1-0"]
[WhiteElo "2808"]
[BlackElo "2664"]
[TimeControl "180+1"]
[EndTime "15:25:40 PST"]
[Termination "kids2010 won on time"]

1. e4 e5 2. Nf3 Nc6 3. Bc4 Nf6 4. d3 Bc5 5. O-O d6 6. c3 a6 7.
a4 Ba7 8. Re1 h6 9. b4 O-O 10.
h3 Ne7 11. Nbd2 Ng6 12. Nf1 d5 13. exd5 Nxd5 14. Qb3 Ndf4 15. Bxf4 exf4 16. d4 c6 17. N1d2 Bb8 18. Bd3 Nh4 19. a5 Qf6 20. Re2 Be6 21.
Qc2 Bc7 22. Rae1 Rad8 23. Rxe6 Nxf3+ 24. Nxf3 fxe6 25. Bc4 Rd5 26. Qe4 Kh8 27. Bxd5 exd5 28. Qe7 Qf7 29. Qxf7 Rxf7 30. Re8+ Kh7 31. Nd2 Bd6 32. Nb3 g5 33. Re6 Bf8 34. Kf1 Kg7 35. Ke2 Re7 36. Nc5 Rf7 37. Kf3 Bxc5 38. bxc5 Rf6 39. Re7+ Rf7 40. Re8 Kg6 41. h4 Kh5 42.
hxg5 hxg5 43. Rh8+ Kg6 44. Kg4 Rg7 45. Re8 Kf6 46.
Re5 1-0

[Event "Late-Titled-Tuesday-Blitz-March-05-2024"]
[Site "Chess.com"]
[Date "2024.03.05"]
[Round "8"]
[White "Abduzhaparov"]
[Black "jinbojinbo"]
[Result "0-1"]
[WhiteElo "2454"]
[BlackElo "2642"]
[TimeControl "180+1"]
[EndTime "15:25:42 PST"]
[Termination "jinbojinbo won by resignation"]

1. Nf3 Nf6 2. c4 g6 3. Nc3 Bg7 4. e4 d6 5. d4 O-O 6. Be3 e5 7. dxe5 dxe5 8. Qxd8 Rxd8 9. Nd5 Na6 10. O-O-O Bg4 11. h3 Bxf3 12. gxf3 c6 13. Nxf6+ Bxf6 14. c5 Nc7 15. Bc4 Be7 16. h4 h5 17. Rdg1 Kf8 18. f4 exf4 19. Bxf4 Ne8 20. Bh6+ Ng7 21. Be3 Bf6 22. Rd1 Rxd1+ 23. Rxd1 Ke8 24. Bg5 Bxg5+ 25. hxg5 Ke7 26. Rd6 Rh8 27. Rf6 Ne6 28. Bxe6 fxe6 29. Rf3 Rf8 30. Rb3 b5 31. cxb6 axb6 32. Rxb6 Rxf2 33.
Rxc6 Rg2 34. Rc5 Kd6 35. Rb5 h4 36. Rb3 Rg3 37. Rb8 Rxg5 38. Rh8 Rh5 39. Rf8 h3 40. Rf1 h2 41. Rh1 Ke5 42. Kd2 Kf4 43. Ke2 Kg3 44. Kf1 Rc5 45. Ke2 Kg2 46. Rxh2+ Kxh2 47. Kd3 g5 48. b4 Rc8 49. a4 g4 0-1

[Event "Late-Titled-Tuesday-Blitz-March-05-2024"]
[Site "Chess.com"]
[Date "2024.03.05"]
[Round "8"]
[White "Rud_2008"]
[Black "kleinebeer98"]
[Result "0-1"]
[WhiteElo "2772"]
[BlackElo "2898"]
[TimeControl "180+1"]
[EndTime "15:25:46 PST"]
[Termination "kleinebeer98 won by resignation"]

1. e4 e5 2. Nf3 Nc6 3. Nc3 Nf6 4. d4 exd4 5. Nxd4 Nxe4 6. Nxe4 Qe7 7.
Bd3 Nxd4 8. O-O Ne6 9. Re1 d5 10.
Ng3 g6 11. Qf3 Bg7 12. Qxd5 O-O 13. c3 Rd8 14. Qf3 a5 15. Bd2 a4 16. Rad1 a3 17.
b3 c6 18. Ne4 Bd7 19. Bc1 Ra5 20. Bc2 Rf5 21. Qg3 Be5 22. Qg4 Rh5 23. h3 f5 24.
Qe2 fxe4 25. Qxe4 Ng5 26. Qc4+ Be6 27. Rxd8+ Qxd8 28. Bxg5 Bxc4 29. Bxd8 Bf7 30. g4 Bxc3 31. Re3 Rd5 32. Be7 Bb2 33. b4 Rd2 34. Bb3 Bd4 35.
Rf3 Bxb3 36. Rxb3 Rxa2 37. Rd3 Bxf2+ 38. Kf1 b6 39. Bg5 c5 40. Bh6 Bd4 41. bxc5 bxc5 42.
Rb3 Kf7 43. Rb7+ Ke6 44. Rxh7 Rh2 45. Ra7 a2 46. Ra6+ Kd5 0-1

[Event "Late-Titled-Tuesday-Blitz-March-05-2024"]
[Site "Chess.com"]
[Date "2024.03.05"]
[Round "8"]
[White "Squirlolz"]
[Black "Byniolus"]
[Result "0-1"]
[WhiteElo "2596"]
[BlackElo "2783"]
[TimeControl "180+1"]
[EndTime "15:25:46 PST"]
[Termination "Byniolus won on time"]

1. b3 d5 2. Bb2 Nf6 3. e3 Bf5 4. f4 e6 5. Nf3 Be7 6. d3 c6 7. Nbd2 Qb6 8. Qe2 a5 9. a4 Na6 10. Ne5 Nb4 11. Ndf3 Nxc2+ 12. Qxc2 Qxe3+ 13. Be2 Qxf4 14. O-O O-O 15. Kh1 Ng4 16. Nxg4 Qxg4 17. Nd4 Qg5 18. Nxf5 exf5 19. Rf2 Bf6 20. Raf1 Bxb2 21.
Rxf5 Qe3 22. Qxb2 Rae8 23. R5f2 Re6 24. d4 Re4 25. Bf3 Rxd4 26. Re2 Qd3 27. Rfe1 Rb4 28.
Re3 Qd4 29. Qc2 g6 30. h3 h5 31. Bxh5 Kg7 32. Rg3 Qh4 33. Rxg6+ fxg6 34. Qxg6+ Kh8 35. Qh6+ Kg8 36. Bf7+ Kxf7 37. Rf1+ Ke7 38. Qxf8+ Kd7 39. Rf7+ Ke6 40. Qe8+ Kd6 41. Qf8+ Ke6 42. Qe8+ Kd6 43. Qf8+ Ke5 44. Re7+ Kd4 45. Kh2 Kc3 46. Qg7+ Qd4 47. Rxb7 c5 48. Qxd4+ cxd4 49. Rd7 d3 50. Rxd5 Rd4 51.
Rxd4 Kxd4 52. Kg1 d2 0-1

[Event "Late-Titled-Tuesday-Blitz-March-05-2024"]
[Site "Chess.com"]
[Date "2024.03.05"]
[Round "8"]
[White "XeresLt"]
[Black "subham777"]
[Result "1-0"]
[WhiteElo "2481"]
[BlackElo "2581"]
[TimeControl "180+1"]
[EndTime "15:25:46 PST"]
[Termination "XeresLt won on time"]

1. e4 e6 2. d4 d5 3. Nc3 Nf6 4. e5 Nfd7 5. f4 c5 6. Nf3 Nc6 7. Be3 Be7 8. Qd2 a6 9. Be2 b5 10. Nd1 Qb6 11. c3 a5 12. O-O b4 13. a4 g6 14. Nf2 h5 15. c4 dxc4 16. Bxc4 cxd4 17.
Nxd4 Nxd4 18. Bxd4 Bc5 19. Rfd1 Bxd4 20. Qxd4 Qxd4 21. Rxd4 Nc5 22. Bb5+ Bd7 23. Ne4 Bxb5 24. Nxc5 Bc6 25. Rd6 Bd5 26. Nd7 O-O-O 27. Rc1+ Kb7 28. Nc5+ Kb8 29. Rb6+ Kc7 30. Rb5 Rc8 31. Nxe6+ Kd7 32.
Nc5+ Ke7 33. Rxa5 Rc7 34. Rd1 Ba2 35. Ne4 Rc2 36. Ra7+ Kf8 37. Ng5 Kg7 38. Rxf7+ Bxf7 39. Rd7 Rf8 40. e6 Rxb2 41. exf7 Re2 42. Kf1 Re3 43.
Kf2 Ra3 44. Ne6+ Kf6 45. Nxf8 Ra2+ 46. Kf3 Ra3+ 47. Ke4 Ra1 48. Nh7+ Ke6 49. Rb7 1-0

[Event "Late-Titled-Tuesday-Blitz-March-05-2024"]
[Site "Chess.com"]
[Date "2024.03.05"]
[Round "8"]
[White "GoltsevDmitry2000"]
[Black "TokChess"]
[Result "1-0"]
[WhiteElo "2698"]
[BlackElo "2538"]
[TimeControl "180+1"]
[EndTime "15:25:47 PST"]
[Termination "GoltsevDmitry2000 won by resignation"]

1. e4 c5 2. Nf3 e6 3. b3 Nc6 4. Bb2 Nf6 5. e5 Nd5 6. c4 Nc7 7. Nc3 Be7 8. Ne4 b6 9. h4 Na6 10. Bd3 Bb7 11. Nfg5 Qc7 12. Qh5 g6 13. Qf3 Nxe5 14.
Bxe5 Qxe5 15. Qxf7+ Kd8 16. O-O Bxg5 17. Nxg5 Re8 18.
Qxh7 Qd4 19. Bxg6 Re7 20. Qh5 Kc7 21. Nf7 Rg8 22. Rae1 Rxf7 23. Re3 Rfg7 24. Rg3 Qf6 25. Bc2 Nb4 26. Bb1 Nc6 27. Re1 Nd4 28. Ree3 Rxg3 29. Rxg3 Rxg3 30. fxg3 Qg7 31. Bg6 Bc6 32. Qg5 Kb7 33.
h5 Nf5 34. g4 Nh6 35. Qf4 Qa1+ 36. Kh2 Qg7 37. g5 Nf5 38. Bxf5 exf5 39. Qxf5 Qd4 40. h6 Qxd2 41. Qg4 Qd3 42. g6 Be4 43. g7 Qd6+ 44. Kg1 Qd1+ 45. Qxd1 1-0

[Event "Late-Titled-Tuesday-Blitz-March-05-2024"]
[Site "Chess.com"]
[Date "2024.03.05"]
[Round "8"]
[White "Onthequiet"]
[Black "rionelG"]
[Result "1-0"]
[WhiteElo "2413"]
[BlackElo "2217"]
[TimeControl "180+1"]
[EndTime "15:25:47 PST"]
[Termination "Onthequiet won by resignation"]

1. d4 d5 2. Nf3 Nf6 3. c4 e6 4. Nc3 c6 5. Bg5 h6 6. Bxf6 Qxf6 7.
a3 a5 8. e4 dxe4 9. Nxe4 Qd8 10.
Bd3 Nd7 11. O-O Nf6 12. Ng3 Bd6 13. Re1 O-O 14. Ne5 Bc7 15. Qd2 c5 16. dxc5 Kh8 17. Rad1 Qd4 18. Qc3 Bxe5 19. Rxe5 Qxc3 20. bxc3 Bd7 21.
Rb1 Bc6 22. Be4 Nxe4 23. Nxe4 Bxe4 24. Rxe4 Rab8 25. Rb5 Rfc8 26. Rd4 Rc7 27. Rxa5 Rbc8 28. Rb5 Kg8 29. h4 Rxc5 30. Rxb7 Rxc4 31. Rxc4 Rxc4 32. Rb8+ Kh7 33. Rb3 Rxh4 34. Rb4 Rh5 35. a4 Ra5 36.
Kf1 f5 37. Ke2 Kg6 38. Kd3 Kf6 39. Kc2 g5 40. Kb3 g4 41. g3 e5 42. Rb6+ Kg5 43.
Kb4 Ra8 44. a5 f4 45. a6 fxg3 46. fxg3 e4 47. Kb5 e3 48. Re6 Rb8+ 49. Kc4 Rc8+ 50. Kd3 Rd8+ 51. Kxe3 h5 52. a7 Ra8 53. Ra6 Kf5 54.
Ra5+ Kg6 55. Kf4 Rf8+ 56. Ke5 Re8+ 57. Kd6 Ra8 58. Kc7 h4 59. gxh4 g3 60. Kb7 Re8 61.
Rg5+ Kh6 62. a8=Q Re7+ 63. Kb6 Re6+ 64. Qc6 1-0

[Event "Late-Titled-Tuesday-Blitz-March-05-2024"]
[Site "Chess.com"]
[Date "2024.03.05"]
[Round "8"]
[White "reevecanada"]
[Black "pr1105"]
[Result "1-0"]
[WhiteElo "2621"]
[BlackElo "2412"]
[TimeControl "180+1"]
[EndTime "15:25:48 PST"]
[Termination "reevecanada won by checkmate"]

1. e4 e5 2. Nf3 Nc6 3. d4 exd4 4. Nxd4 Nf6 5. Nxc6 bxc6 6. Nd2 Bc5 7. Be2 d6 8. O-O O-O 9. Bf3 h6 10. Nb3 Bb6 11. c4 Nd7 12. Be2 a5 13. Nd4 Bb7 14. Nc2 Qh4 15. Bd3 Rae8 16. Be3 Nc5 17. f3 f5 18. Bf2 Qf6 19. exf5 Nxd3 20. Qxd3 Bxf2+ 21. Kxf2 c5 22. b3 Bc8 23. g4 g6 24. Rg1 gxf5 25.
gxf5+ Kh8 26. Rg6 Bxf5 27. Rxf6 Bxd3 28. Rxf8+ Rxf8 29. Ne1 Be4 30. Rd1 Kg7 31. Rd2 Bc6 32. Re2 Rf7 33. Kg3 a4 34. f4 axb3 35. axb3 Kf6 36.
Nd3 Rg7+ 37. Kh4 Rg2 38. Rxg2 Bxg2 39. Nf2 Kf5 40. Kg3 Bf1 41. Ng4 Bd3 42. Nxh6+ Kg6 43.
Ng4 Bc2 44. Ne3 Be4 45. Kg4 c6 46. f5+ Kf6 47. Kf4 d5 48. Ng4+ Ke7 49. Ne5 Kd6 50.
f6 Bg2 51. Kf5 d4 52. f7 Ke7 53. Kg6 d3 54. Kg7 d2 55. f8=Q+ Ke6 56. Qf6# 1-0

[Event "Late-Titled-Tuesday-Blitz-March-05-2024"]
[Site "Chess.com"]
[Date "2024.03.05"]
[Round "8"]
[White "TanitoluwaAps116"]
[Black "jcibarra"]
[Result "1-0"]
[WhiteElo "2850"]
[BlackElo "2927"]
[TimeControl "180+1"]
[EndTime "15:25:52 PST"]
[Termination "TanitoluwaAps116 won by resignation"]

1. e4 c5 2. Nf3 Nc6 3. Bb5 e6 4. Bxc6 bxc6 5. b3 e5 6. Nxe5 Qe7 7. d4 f6 8. Nf3 Qxe4+ 9. Kd2 Ne7 10. Re1 Qf4+ 11. Kc3 cxd4+ 12. Kb2 Qc7 13. Nxd4 Kf7 14. Qh5+ g6 15. Qf3 Bg7 16. Bf4 Qb6 17. Be3 Nd5 18.
Nf5 Nxe3 19. Nd6+ Kg8 20. Qxe3 Qxe3 21. Rxe3 Bf8 22. Re8 Bb7 23. Rxf8+ Kxf8 24. Nxb7 Rb8 25. Nc5 Ke7 26. Nc3 d6 27. Re1+ Kf7 28. N5e4 Rhd8 29. Na4 d5 30. Nec3 Re8 31. Rd1 Rb4 32. Nc5 Rf4 33.
Rd2 g5 34. a4 Rh4 35. h3 h5 36. Ne2 Rb4 37. Nd4 Rc8 38. Kc3 a5 39. Re2 Rbb8 40. Re6 Rb6 41. Rd6 Rc7 42. Nde6 Re7 43. Nd4 Re1 44.
Nxc6 Kg7 45. Ne6+ Kh6 46. Ned4 Kg7 47. Nf5+ Kh7 48. Rxf6 Re2 49. Nfd4 Rb7 50. Nxe2 Rf7 51. Rxf7+ 1-0

[Event "Late-Titled-Tuesday-Blitz-March-05-2024"]
[Site "Chess.com"]
[Date "2024.03.05"]
[Round "8"]
[White "howitzer14"]
[Black "ventdelest"]
[Result "1-0"]
[WhiteElo "2985"]
[BlackElo "2076"]
[TimeControl "180+1"]
[EndTime "15:25:52 PST"]
[Termination "howitzer14 won on time"]

1. d4 Nf6 2. c4 e6 3. Nc3 d5 4. cxd5 exd5 5. Bg5 Be7 6. e3 O-O 7. Bd3 h6 8. Bf4 c6 9. h3 Nbd7 10. Nf3 Re8 11. Qc2 Nf8 12. O-O-O Qa5 13. Kb1 Ne6 14. Bh2 c5 15. dxc5 Nxc5 16. Nd4 Nxd3 17. Qxd3 Bb4 18. Ncb5 Ne4 19. Qe2 Re7 20. f3 a6 21. Nc7 Nd6 22. Bxd6 Bxd6 23. Nxa8 Be6 24.
Rc1 Qd8 25. Rc3 Qxa8 26. Rhc1 Kh7 27. Qd3+ g6 28. Nxe6 Rxe6 29. Qxd5 Qa7 30. Qd4 Qxd4 31. exd4 Re2 32. R3c2 Re3 33. Rd1 Kg7 34. a3 Kf6 35.
Rcd2 Ke6 36. d5+ Kd7 37. Kc2 f5 38. Rd3 Re2+ 39. R1d2 Re7 40. Kd1 Bf4 41. Re2 Rf7 42.
Re6 Rg7 43. Rb3 b5 44. Rxa6 Re7 45. Rxb5 1-0

[Event "Late-Titled-Tuesday-Blitz-March-05-2024"]
[Site "Chess.com"]
[Date "2024.03.05"]
[Round "8"]
[White "Lukianoo"]
[Black "ukchessbomber"]
[Result "1-0"]
[WhiteElo "2874"]
[BlackElo "2661"]
[TimeControl "180+1"]
[EndTime "15:25:56 PST"]
[Termination "Lukianoo won on time"]

1. e4 b6 2. d4 Bb7 3. Nc3 d6 4. Be3 Nd7 5. Qd2 g6 6. O-O-O Bg7 7. h4 h6 8. h5 g5 9. f4 gxf4 10. Bxf4 e6 11. g4 Ne7 12. g5 hxg5 13. Bxg5 Bf6 14. Nf3 a6 15. Bd3 Nc6 16. Rdf1 Qe7 17. Bxf6 Nxf6 18.
Ng5 O-O-O 19. Qf2 Rh6 20. Be2 Rg8 21. Rhg1 Kb8 22. a3 Bc8 23. Kb1 e5 24. d5 Nd4 25.
Bd1 Nxh5 26. Qxf7 Qxf7 27. Nxf7 Rxg1 28. Rxg1 Rf6 29. Bxh5 Rf2 30. Rg8 Kb7 31. Nd8+ Ka7 32. Nc6+ Nxc6 33. dxc6 Be6 34. Rg1 b5 35. b4 Kb6 36.
Be8 Rf8 37. Bd7 Bc4 38. Nd5+ Bxd5 39. exd5 Rh8 40. Kc1 Rf8 41. Kd2 Rf3 42. c3 Rf2+ 43.
Kc1 Rf8 44. Be6 Rf6 45. Rg8 Rf1+ 46. Kb2 Rf2+ 47. Kb3 a5 48. bxa5+ Kxa5 49. Ra8+ Kb6 50. Rb8+ Kc5 51. Rb7 e4 52. Rxc7 e3 53. Re7 Rf4 54. c7 1-0

[Event "Late-Titled-Tuesday-Blitz-March-05-2024"]
[Site "Chess.com"]
[Date "2024.03.05"]
[Round "8"]
[White "Midgardsormur"]
[Black "Slovineanu"]
[Result "1-0"]
[WhiteElo "2460"]
[BlackElo "2474"]
[TimeControl "180+1"]
[EndTime "15:25:56 PST"]
[Termination "Midgardsormur won by checkmate"]

1. Nf3 Nf6 2. c4 e6 3. e3 d5 4. Nc3 c5 5. cxd5 Nxd5 6. Nxd5 Qxd5 7. b3 Be7 8. Qc2 Bf6 9. Rb1 Nc6 10. a3 O-O 11. Bd3 h6 12. h4 e5 13. Bh7+ Kh8 14.
Be4 Qd6 15. Rg1 Re8 16. g4 Nd4 17. exd4 exd4 18. Kf1 Qe7 19. d3 Bxh4 20. g5 Bh3+ 21. Ke2 f5 22. Nxh4 Qf7 23. gxh6 fxe4 24. hxg7+ Kg8 25.
dxe4 Qh5+ 26. f3 Qxh4 27. Bg5 Qh5 28. Kf2 Be6 29. Qd2 Kxg7 30. Rh1 Qg6 31. Rbg1 Rh8 32.
Be7 Rxh1 33. Rxg6+ Kxg6 34. Qg5+ Kh7 35. Qf6 Bxb3 36.
Bxc5 Rg8 37. Bxd4 Rh2+ 38. Ke3 Bc4 39. Qf5+ Kh6 40. Qf4+ Kg6 41. Qxh2 b5 42. Qg3+ Kf7 43. Qf4+ Ke6 44. Qf5+ Kd6 45. Qc5+ Ke6 46. f4 Rg3+ 47. Kf2 Rb3 48. f5+ Kf7 49. Qc7+ Ke8 50. f6 Rd3 51. Qe7# 1-0